 Dungeon Crawl Stone Soup version 0.28-a0-305-g9e858e973b (webtiles) character file.

Game seed: 11048516138664725568

112 zazu2006 the Magician (level 4, 0/36 HPs)
             Began as a Naga Hedge Wizard on Aug 29, 2021.
             Slain by a ball python (2 damage)
             ... on level 4 of the Dungeon.
             The game lasted 00:06:14 (5763 turns).

zazu2006 the Magician (Naga Hedge Wizard)           Turns: 5763, Time: 00:06:15

Health: 0/36       AC:  2    Str: 13    XL:     4   Next: 93%
Magic:  5/10       EV:  9    Int: 15    God:
Gold:   147        SH:  0    Dex: 10    Spells: 2/11 levels left

rFire   . . .      SeeInvis +   a - +0 dagger
rCold   . . .      Faith    .   (no shield)
rNeg    . . .      Spirit   .   e - +0 leather armour
rPois   +          Reflect  .   c - +0 hat
rElec   .          Harm     .   (no cloak)
rCorr   .          Rampage  .   (no gloves)
Will    .....                   (no barding)
Stlth   ++........              (no amulet)
HPRegen 0.12/turn               (no ring)
MPRegen 0.12/turn               (no ring)

@: short of breath, very slow
A: AC +1, large, see invisible, deformed body, poison resistance, slowness 2,
spit poison 1, naga tail 1
a: Spit Poison


You were on level 4 of the Dungeon.
You visited 1 branch of the dungeon, and saw 4 of its levels.

You collected 147 gold pieces.

Inventory:

Hand Weapons
 a - a +0 dagger (weapon)
Armour
 c - a +0 hat (worn)
 e - a +0 leather armour (worn)
Wands
 p - a wand of flame (5)
Scrolls
 b - a scroll of enchant armour {unknown}
 f - 2 scrolls of identify {unknown}
 i - a scroll of teleportation {unknown}
 j - a scroll of summoning {unknown}
 n - a scroll of magic mapping {unknown}
 o - a scroll of immolation {unknown}
Potions
 d - a potion of might
 g - a potion of resistance {unknown}
 h - a potion of flight {unknown}
 k - a potion of degeneration {unknown}
 l - a potion of curing {unknown}
 m - 2 potions of attraction {unknown}


   Skills:
 + Level 0.2 Fighting
 + Level 1.0 Armour
 + Level 1.8 Dodging
 + Level 3.2 Stealth
 + Level 4.2 Spellcasting
 + Level 1.6 Conjurations
 + Level 1.0 Summonings
 + Level 1.0 Translocations
 * Level 1.4 Poison Magic


You had 2 spell levels left.
You knew the following spells:

 Your Spells              Type           Power      Damage    Failure   Level
a - Magic Dart            Conj           32%        1d4       12%         1
b - Mephitic Cloud        Conj/Pois/Air  6%         N/A       41%         3
c - Conjure Flame         Conj/Fire      5%         6-21      43%         3
d - Blink                 Tloc           N/A        N/A       22%         2

Your spell library contained the following spells:

 Spells                   Type           Power      Damage    Failure   Level
 Call Imp                 Summ           6%         N/A       22%         2
 Slow                     Hex            3%         N/A       34%         2
 Call Canine Familiar     Summ           6%         N/A       41%         3
 Portal Projectile        Hex/Tloc       8%         N/A       50%         3
 Leda's Liquefaction      Hex/Erth       1%         N/A       92%         4
 Blade Hands              Tmut           1%         N/A       99%         5
 Irradiate                Conj/Tmut      2%         3d14      99%         5
 Dragon Form              Tmut           1%         N/A       100%        7


Dungeon Overview and Level Annotations

Branches:
Dungeon (4/15)
 Temple: D:4-7

Altars:


Innate Abilities, Weirdness & Mutations

Your serpentine skin is tough. (AC +1)
You have supernaturally acute eyesight. (SInv)
Armour fits poorly on your strangely shaped body.
Your system is resistant to poisons. (rPois)
You cover ground very slowly.
You can spit poison.
You have a snake-like lower body.


Message History

The stinking cloud engulfs the ogre but does no damage.
The ogre is moderately wounded.
You hear a bark!
The ogre is engulfed in noxious fumes.
The ogre appears confused.
The ogre laughs crazily.
Casting: Mephitic Cloud (quite dangerous; 41% risk of failure)
Confirm with . or Enter, or press ? or * to list all spells.
Aiming: Magic Dart (safe; 12% risk of failure)
Press: ? - help, Shift-Dir - straight line, f/p - ogre
Aim: an ogre, wielding a +0 giant spiked club (noxious fumes, moderately wounded, confused, poisoned, 100% to hit)
The magic dart hits the ogre.
The ogre is moderately wounded.
The ogre is engulfed in noxious fumes.
The ogre appears confused.
You hit the ogre but do no damage.
The ogre is heavily wounded.
You have got your breath back.
The ogre closely misses you.
The ogre says, "I'm a little confused."
The ogre barely misses you.
There is a stone staircase leading up here.
Press: ? - help, Shift-Dir - straight line, f/p - ogre
Aim: an ogre, wielding a +0 giant spiked club (heavily wounded, confused, poisoned)
The splash of poison hits the ogre!
The ogre is severely wounded.
The ogre hits you with a +0 giant spiked club!!
Ouch! That really hurt!
* * * LOW HITPOINT WARNING * * *
The ogre looks more healthy.
A ball python comes into view.
Casting: Magic Dart (safe; 12% risk of failure)
Confirm with . or Enter, or press ? or * to list all spells.
Aiming: Magic Dart (safe; 12% risk of failure)
Press: ? - help, Shift-Dir - straight line, f/p - ogre
Aim: an ogre, wielding a +0 giant spiked club (almost dead, confused, 100% to hit)
The magic dart hits the ogre but does no damage.
The ogre is almost dead.
The ogre hits you with a +0 giant spiked club.
* * * LOW HITPOINT WARNING * * *
The ball python bites you.
You die...

#.# #.# #.#
... #.# #.#
#S# #@# #O#
. #<###....
#.....#
#..........
###########


You could see an ogre (confused) and a ball python.

Vanquished Creatures
  3 adders
  5 dart slugs
  2 orcs (D:3)
  7 bats
  9 endoplasms
  2 giant cockroaches
  3 goblins
  11 hobgoblins
  2 jackals (D:1)
  6 kobolds
  4 quokkas
  3 ball pythons
  A frilled lizard (D:2)
  6 rats
64 creatures vanquished.

Notes
Turn   | Place    | Note
-------+----------+-------------------------------------------
     0 | D:1      | zazu2006 the Naga Hedge Wizard began the quest for the Orb.
     0 | D:1      | Reached XP level 1. HP: 15/15 MP: 4/4
   378 | D:1      | Reached XP level 2. HP: 15/22 MP: 1/6
   918 | D:1      | Reached XP level 3. HP: 26/28 MP: 4/8
   925 | D:1      | HP: 1/28 [frozen (3)]
  1278 | D:1      | Learned a level 3 spell: Mephitic Cloud
  1282 | D:1      | Learned a level 3 spell: Conjure Flame
  1285 | D:1      | Learned a level 2 spell: Blink
  2674 | D:2      | Reached skill level 4 in Spellcasting
  3572 | D:2      | Reached XP level 4. HP: 29/36 MP: 0/10
  4210 | D:3      | Reached skill level 1 in Poison Magic
  4782 | D:3      | Reached skill level 1 in Armour
  5753 | D:4      | Noticed an ogre
  5763 | D:4      | Slain by a ball python

Illustrated notes

Levels and vault maps discovered:
D:1:      dpeg_arrival_lava_temple_mockup, layout_basic
D:2:      layout_basic
D:3:      layout_basic, minmay_fractal_squares_gapless_5
D:4:      layout_loops_ring, mainiacjoe_overflow_divided_tiny,
          gammafunk_ghost_grave

Skill      XL: |  1  2  3  4 |
---------------+-------------+-----
Spellcasting   | 4 |  4.2
Poison Magic   | 1 |  1.4
Armour         | 1 |  1.0
Fighting       | |  0.2
Dodging        | |  1.8
Stealth        | |  3.2
Conjurations   | |  1.6
Summonings     | |  1.0
Translocations | |  1.0

Action                   |  1- 3 |  4- 6 || total
-------------------------+-------+-------++-------
Melee: Dagger            |    12 |     6 ||    18
 Cast: Magic Dart        |   113 |    86 ||   199
       Mephitic Cloud    |       |     1 ||     1
 Abil: Spit Poison       |    17 |     9 ||    26
  Use: Potion            |       |     1 ||     1
Armor: Robe              |     1 |       ||     1
       Leather armour    |     5 |     5 ||    10
Dodge: Dodged            |    18 |    17 ||    35

Table legend: (Time is in decaauts)
 A = Elapsed time spent in this place.
 B = Non-inter-level travel time spent in this place.
 C = Inter-level travel time spent in this place.
 D = Time resting spent in this place.
 E = Time spent auto-exploring this place.
 F = Levels seen in this place.
 G = Mean time per level.
                   A        B        C        D        E       F      G
               +--------+--------+--------+--------+--------+-----+--------+
         Total |   6859 |   6616 |    243 |    144 |   6014 |   4 | 1714.8 |
       Dungeon |   6859 |   6616 |    243 |    144 |   6014 |   4 | 1714.8 |
               +--------+--------+--------+--------+--------+-----+--------+

Top non-repeatable levels by time:
     D:1: 2741 daAuts
     D:3: 2166 daAuts
     D:2: 1938 daAuts
     D:4: 12 daAuts
